 Dungeon Crawl Stone Soup version 0.24.0-37-gcf1ca852f1 (webtiles) character file.

Game seed: 7630514654922332050, levelgen mode: deterministic

20055 Mrkan the Basher (level 12, -2/78 HPs)
             Began as a Gargoyle Fighter on Nov 30, 2019.
             Was an Elder of Dithmenos.
             Slain by Snorg (14 damage)
             ... on level 4 of the Lair of Beasts.
             The game lasted 00:26:02 (12918 turns).

Mrkan the Basher (Gargoyle Fighter)                Turns: 12918, Time: 00:26:02

Health: -2/78      AC: 31    Str: 23    XL:     12   Next: 75%
Magic:  15/15      EV:  6    Int:  9    God:    Dithmenos [****..]
Gold:   778        SH: 13    Dex: 11    Spells: 11/11 levels left

rFire    . . .     SeeInvis .   H - +3 morningstar (vamp)
rCold    . . .     Gourm    .   c - +1 shield
rNeg     + . .     Faith    .   o - +0 plate armour
rPois    ∞         Spirit   .   y - +0 helmet
rElec    +         Reflect  .   A - +0 cloak
rCorr    .         Harm     .   I - +2 pair of gloves
MR       +....                  l - +0 pair of boots
Stlth    ..........             (no amulet)
HPRegen  0.23/turn              (no ring)
MPRegen  0.14/turn              k - ring of protection from magic

@: wreathed by umbra
A: negative energy resistance 1, electricity resistance, unbreathing,
petrification resistance, rot immunity, AC +8
a: Shadow Step, Renounce Religion


You were on level 4 of the Lair of Beasts.
You worshipped Dithmenos.
Dithmenos was greatly pleased with you.
You were hungry.

You visited 2 branches of the dungeon, and saw 14 of its levels.

You collected 778 gold pieces.

Inventory:

Hand Weapons
 H - a +3 vampiric morningstar (weapon)
Armour
 c - a +1 shield (worn)
 l - a +0 pair of boots (worn)
 o - a +0 plate armour (worn)
 y - a +0 helmet (worn)
 A - a +0 cloak (worn)
 I - a +2 pair of gloves (worn)
Jewellery
 a - an uncursed ring of flight
 k - a ring of protection from magic (right hand)
 L - an uncursed ring of positive energy {unknown}
Wands
 e - a wand of disintegration (14)
 r - a wand of iceblast (7)
 s - a wand of random effects (31)
 z - a wand of digging (4)
 J - a wand of enslavement (13)
 K - a wand of acid (5)
Scrolls
 b - 2 scrolls of teleportation
 g - 5 scrolls of amnesia
 m - 3 scrolls of magic mapping
 n - 3 scrolls of identify
 u - 2 scrolls of immolation
 w - a scroll of enchant weapon
 x - 2 scrolls of blinking
 C - 2 scrolls of vulnerability {unknown}
 D - 3 scrolls of enchant armour
Potions
 d - 5 potions of curing
 h - 2 potions of flight
 i - 4 potions of brilliance
 j - a potion of invisibility
 p - a potion of might
 q - a potion of degeneration
 v - 2 potions of haste
 B - 2 potions of agility
 E - 2 potions of heal wounds
 F - 2 potions of lignification
 G - a potion of magic
Comestibles
 f - 23 rations
 t - 11 chunks of flesh


   Skills:
 + Level 10.5 Fighting
 * Level 12.7 Maces & Flails
 + Level 10.4 Armour
 + Level 10.5 Shields
 + Level 5.1 Invocations


You had 11 spell levels left.
You didn't know any spells.
Your spell library contained the following spells:

 Spells                   Type           Power        Failure   Level  Hunger
 Confusing Touch          Hex            #.....       100%        1    ##.....
 Sandblast                Erth           #.....       100%        1    ##.....
 Passwall                 Tmut/Erth      #.......     100%        2    ###....
 Confuse                  Hex            #.......     100%        3    ####...
 Gell's Gravitas          Tloc           #.........   100%        3    ####...
 Ignite Poison            Fire/Tmut/Pois #.......     100%        3    ####...
 Stone Arrow              Conj/Erth      #.....       100%        3    ####...
 Petrify                  Tmut/Erth      #.......     100%        4    #####..
 Fireball                 Conj/Fire      #.........   100%        5    ######.
 Lee's Rapid Deconstruct  Erth           #.........   100%        5    ######.
 Metabolic Englaciation   Hex/Ice        #.........   100%        5    ######.
 Yara's Violent Unravell  Hex/Tmut       #.........   100%        5    ######.
 Bolt of Fire             Conj/Fire      #.........   100%        6    #######
 Ring of Flames           Chrm/Fire      #.........   100%        7    #######
 Ignition                 Fire           #.........   100%        8    #######


Dungeon Overview and Level Annotations

Branches:
Dungeon (10/15)            Temple (0/1) D:6            Lair (4/6) D:9
  Swamp (0/4) Lair:4
  Snake: Lair:2-4    Spider: Lair:2-4       Orc: D:9-12

Altars:
Dithmenos
Fedhas
Kikubaaqudgha
Okawaru
Ru
Vehumet
Wu Jian
Xom
Yredelemnul
The Shining One

Annotations:
D:2 Sigmund
D:7 4 runed translucent doors
Lair:4 Snorg


Innate Abilities, Weirdness & Mutations

You are resistant to torment.
Your stone body is resilient. (AC +8)
You are immune to poison.
You resist negative energy. (rN+)
You are resistant to electric shocks. (rElec)
You can survive without breathing.
You are immune to petrification.
You are immune to rotting.


Message History

You block the queen ant's attack.
The worker ant bites you but does no damage.
Snorg bites you but does no damage. Snorg barely misses you.
Snorg claws you but does no damage.
You sock the queen ant!
You feel better.
The queen ant is moderately wounded.
Your shadow hits the queen ant with a morningstar.
You block the queen ant's attack. You block Snorg's attack.
Snorg claws you but does no damage. Snorg claws you!
* * * LOW HITPOINT WARNING * * *
The worker ant bites you but does no damage.
The queen ant completely misses you. The queen ant closely misses you.
You block Snorg's attack. Snorg claws you but does no damage.
You block Snorg's attack.
There is a stone staircase leading up here.
Snorg bites you but does no damage. You block Snorg's attack.
Snorg claws you but does no damage. The queen ant stings you.
* * * LOW HITPOINT WARNING * * *
You block the worker ant's attack. Snorg bites you!
You die...

.#.##.####.##...........
#.#............(........
....#.#...............##
##...#............#...##
#.....#.......#....#..§..
.>.................##.§§.
........†.............§§§
.......aaT...........§§§.
........@............§§..
...............)......§§..
.........................§.
...........................
..........÷÷................
#...............#...........
....).....##...).........
#P.......##.............
#.......####............


You could see Snorg (berserk), a queen ant and a worker ant.

Vanquished Creatures
  An entropy weaver (Lair:3)
  A hydra (Lair:3)
  3 death yaks
  A cyclops (D:9)
  Joseph (D:9)
  3 spiny frogs
  A gargoyle (D:10)
  A torpor snail (Lair:2)
  4 komodo dragons
  3 polar bears (Lair:2)
  8 blink frogs
  A hippogriff (Lair:1)
  16 yaks
  A wyvern (D:9)
  Eustachio (D:4)
  3 hogs (D:10)
  A human (D:10)
  A hungry ghost (D:9)
  4 soldier ants
  3 water moccasins
  8 porcupines
  5 black bears
  5 orc warriors
  4 sky beasts
  5 ice beasts
  A hornet zombie (D:9)
  4 ogres
  4 wolves (Lair:1)
  A phantom (D:8)
  7 centaurs
  6 crocodiles
  10 bullfrogs
  4 scorpions
  3 wights (D:9)
  An electric eel (Lair:3)
  3 howler monkeys (D:8)
  5 crimson imps
  A centaur zombie (D:6)
  8 orc priests
  6 hounds
  Crazy Yiuf (D:4)
  4 jellies
  5 orc wizards
  2 bullfrog skeletons
  2 iguanas
  Ijyb (D:3)
  A hell rat (D:9)
  18 worker ants
  A hound zombie (D:7)
  2 worker ant zombies
  Robin (D:3)
  3 gnolls (D:4)
  7 adders
  A river rat (D:9)
  3 shadow imps
  An adder skeleton (D:4)
  2 worms (D:3)
  A dart slug (D:1)
  3 leopard geckos
  31 orcs
  3 giant cockroaches
  8 goblins
  7 hobgoblins
  12 jackals
  7 quokkas
  2 ball pythons
  5 bats
  2 frilled lizards
  2 gnoll zombies (D:2)
  2 jackal skeletons
  10 kobolds
  2 quokka skeletons
  5 rats
306 creatures vanquished.

Vanquished Creatures (collateral kills)
  A black bear (Lair:2)
1 creature vanquished.

Vanquished Creatures (others)
  A bush (Lair:2)
  2 fungi
  3 plants (Lair:2)
  A withered plant (D:5)
7 creatures vanquished.

Grand Total: 314 creatures vanquished

Notes
Turn   | Place    | Note
-------+----------+-------------------------------------------
     0 | D:1      | Mrkan the Gargoyle Fighter began the quest for the Orb.
     0 | D:1      | Reached XP level 1. HP: 14/14 MP: 1/1
   151 | D:1      | Reached XP level 2. HP: 7/19 MP: 2/2
  1278 | D:2      | Reached XP level 3. HP: 22/23 MP: 3/3
  1312 | D:2      | Found a basalt altar of Yredelemnul.
  1605 | D:2      | Noticed Sigmund
  1712 | D:3      | Noticed Ijyb
  1719 | D:3      | Killed Ijyb
  1719 | D:3      | Reached skill level 3 in Maces & Flails
  1719 | D:3      | Reached XP level 4. HP: 24/29 MP: 4/4
  2343 | D:4      | Noticed Robin
  2389 | D:3      | Reached XP level 5. HP: 24/33 MP: 5/5
  2404 | D:3      | Killed Robin
  2889 | D:4      | Reached skill level 4 in Maces & Flails
  2916 | D:4      | Reached XP level 6. HP: 37/39 MP: 6/6
  3083 | D:4      | Noticed Eustachio
  3107 | D:4      | Killed Eustachio
  3107 | D:4      | Reached XP level 7. HP: 25/44 MP: 7/7
  3387 | D:4      | Found a shadowy altar of Dithmenos.
  3398 | D:4      | Became a worshipper of Dithmenos the Shadowed
  3463 | D:4      | Found a runed translucent door.
  3464 | D:4      | Noticed Crazy Yiuf
  3588 | D:4      | Killed Crazy Yiuf
  3588 | D:4      | Reached skill level 5 in Maces & Flails
  3643 | D:5      | Entered Level 5 of the Dungeon
  3998 | D:5      | Reached skill level 5 in Fighting
  3998 | D:5      | Reached skill level 5 in Armour
  3998 | D:5      | Reached skill level 5 in Shields
  4095 | D:5      | Found an ancient bone altar of Kikubaaqudgha.
  4096 | D:5      | Found a blossoming altar of Fedhas.
  4173 | D:5      | Found a glowing golden altar of the Shining One.
  4509 | D:5      | Found an iron altar of Okawaru.
  4533 | D:5      | Reached XP level 8. HP: 42/50 MP: 8/8
  4547 | D:5      | Reached skill level 6 in Maces & Flails
  4875 | D:5      | Found a sacrificial altar of Ru.
  5137 | D:6      | HP: 1/51 [orc priest/divine providence (15)]
  5620 | D:6      | Found a staircase to the Ecumenical Temple.
  5687 | D:6      | Reached skill level 7 in Maces & Flails
  5713 | D:6      | Reached * piety under Dithmenos
  5837 | D:6      | Reached XP level 9. HP: 41/56 MP: 9/9
  5959 | D:6      | Found a radiant altar of Vehumet.
  6060 | D:6      | Found an ornate altar of the Wu Jian Council.
  6159 | D:7      | Found a huge runed translucent gate.
  6159 | D:7      | Noticed a polar bear
  6165 | D:7      | Found a huge runed translucent gate.
  6165 | D:7      | Found a huge runed translucent gate.
  6166 | D:7      | Found a huge runed translucent gate.
  6166 | D:7      | Noticed a polar bear
  6377 | D:7      | Reached skill level 8 in Maces & Flails
  6503 | D:7      | Found a radiant altar of Vehumet.
  7196 | D:8      | Reached ** piety under Dithmenos
  7220 | D:8      | Reached skill level 9 in Maces & Flails
  7220 | D:8      | Reached XP level 10. HP: 62/63 MP: 10/10
  7362 | D:8      | Found a shimmering altar of Xom.
  7363 | D:8      | Found a shimmering altar of Xom.
  7370 | D:8      | Found a shimmering altar of Xom.
  7370 | D:8      | Found a shimmering altar of Xom.
  7370 | D:8      | Found a shimmering altar of Xom.
  7370 | D:8      | Found a shimmering altar of Xom.
  7371 | D:8      | Found a shimmering altar of Xom.
  7372 | D:8      | Found a shimmering altar of Xom.
  7504 | D:8      | Noticed a black mamba
  7504 | D:8      | a hippogriff changed into a black mamba
  7576 | D:9      | Noticed a cyclops
  7582 | D:9      | Killed a cyclops
  7973 | D:9      | Noticed a death yak
  7975 | D:9      | Found a staircase to the Lair.
  7975 | D:9      | Noticed a death yak
  7975 | D:9      | Noticed a death yak
  7976 | D:9      | Noticed Joseph
  8007 | D:9      | Killed a death yak
  8007 | D:9      | Reached *** piety under Dithmenos
  8007 | D:9      | Reached skill level 10 in Maces & Flails
  8022 | D:9      | Killed a death yak
  8253 | D:8      | Killed a death yak
  8253 | D:8      | Reached XP level 11. HP: 32/69 MP: 11/11
  8454 | D:9      | Killed Joseph
  9009 | D:10     | Entered Level 10 of the Dungeon
  9164 | D:10     | Reached skill level 11 in Maces & Flails
  9388 | D:10     | Reached skill level 1 in Invocations
 10030 | Lair:1   | Entered Level 1 of the Lair of Beasts
 10903 | Lair:2   | You fall into a shaft and drop 2 floors!
 10903 | Lair:4   | Found a staircase to the Swamp.
 10904 | Lair:4   | Noticed Snorg
 11049 | Lair:2   | Reached XP level 12. HP: 77/77 MP: 14/14
 11066 | Lair:2   | Reached **** piety under Dithmenos
 11148 | Lair:2   | Reached skill level 12 in Maces & Flails
 11246 | Lair:2   | Reached skill level 10 in Shields
 11255 | Lair:2   | Reached skill level 10 in Fighting
 11261 | Lair:2   | Reached skill level 10 in Armour
 12141 | Lair:3   | Noticed a five-headed hydra
 12152 | Lair:3   | Killed a five-headed hydra
 12774 | Lair:4   | Noticed an entropy weaver
 12775 | Lair:4   | Noticed a queen ant
 12828 | Lair:3   | Killed an entropy weaver
 12828 | Lair:3   | Reached skill level 5 in Invocations
 12918 | Lair:4   | Slain by Snorg

Levels and vault maps discovered:
D:1:      dpeg_arrival_arbitrary_a, layout_basic, minmay_tall_x
D:2:      layout_basic, nicolae_overflow_crystal_walls,
          lemuel_zombie_altar_yredelemnul, first_ration, uniq_jessica,
          uniq_natasha, uniq_sigmund
D:3:      layout_loops_ring, uniq_ijyb
D:4:      layout_basic, grunt_dithmenos_shadows, uniq_crazy_yiuf_cottage,
          uniq_eustachio, uniq_robin
D:5:      layout_basic, grunt_temple_overflow_growth_and_decay,
          tso_oasis_becter, kennysheep_little_box, overflow_temple_1_default
D:6:      layout_basic, lemuel_coloured_pillars_altar,
          minmay_temple_entry_water_ring, basic_altar
D:7:      lemuel_bear_cage, layout_basic, lemuel_doored_altar
D:8:      layout_basic, xom_shifter_show
D:9:      layout_loops_corners, dpeg_lair_monsters, uniq_joseph
D:10:     layout_stronghold, grunt_livestock
Lair:1:   layout_hall_layers, beast_lair_carwin_5
Lair:2:   beast_lair_carwin_large_2, layout_hall_layers, wad_woods_06,
          eino_small_chamber_without_monster, nicolae_quartered_pool_little,
          serial_bayou_pond_a, infiniplex_staircase_pool_2
Lair:3:   layout_regular_city, grunt_megastairs_4, infiniplex_staircase_pool
Lair:4:   layout_hall_layers, swamp_mist, nicolae_spider_entry_non_spiders,
          minmay_another_anthill, uniq_snorg

Skill      XL: |  1  2  3  4  5  6  7  8  9 10 11 12 |
---------------+-------------------------------------+-----
Maces & Flails | 3 4 5 7 9 10 11 12 | 12.7
Armour         | 4 5 6 7 8 9 10 | 10.4
Shields        | 4 5 6 7 8 9 10 | 10.5
Fighting       | 4 5 6 7 8 9 10 | 10.5
Invocations    | 3 5 |  5.1

Action                   |  1- 3 |  4- 6 |  7- 9 | 10-12 || total
-------------------------+-------+-------+-------+-------++-------
Melee: Flail             |   200 |   247 |   472 |       ||   919
       Morningstar       |       |       |   104 |   935 ||  1039
  Use: Potion            |       |       |     1 |     3 ||     4
       Scroll            |       |       |    12 |    12 ||    24
 Stab: Invisible         |       |       |     1 |       ||     1
  Eat: Chunk             |     3 |     5 |    11 |    16 ||    35
       Ration            |       |       |     1 |     1 ||     2
Armor: Scale mail        |    73 |       |       |       ||    73
       Plate armour      |   105 |   248 |   333 |   751 ||  1437
Dodge: Dodged            |    68 |    60 |    97 |   238 ||   463
Block: Shield            |   127 |   171 |   278 |   742 ||  1318
